Map: Frozen Temple

Players

Nightmare - Winner!

  • Race: Zerg Zerg
  • League: Master
  • Spawn Location: 5:00

A.I. 1 (Very Easy)

  • Race: Terran Terran
  • Spawn Location: 11:00

VOD

Have the link to the VOD?

Description

Time

  • Played on: Aug. 14, 2016, 12:01 a.m.
  • Length: 10:03
Show
View Real Time Build Order
Export as new Build Order

Nightmare Zerg - Winner!

Build Orders: Hatch First 

Get SALT Encoding   

  12  0:01  Drone  
  13  0:12  Overlord  
  13  0:19  Drone  
  14  0:31  Drone x2  
  16  0:36  Drone  
  17  0:46  Drone  
  18  0:57  Drone  
  18  0:58  Hatchery  
  18  1:00  Extractor  
  17  1:13  Spawning Pool  
  17  1:15  Drone  
  17  1:19  Drone  
  18  1:28  Drone  
  19  1:39  Overlord  
  19  1:59  Queen  
  19  2:00  Zergling x2  
  22  2:01  Zergling x2  
  22  2:02  Metabolic Boost  
  23  2:09  Queen  
  23  2:10  Zergling x2  
  23  2:11  Drone  
  27  2:24  Drone x2  
  29  2:31  Drone  
  29  2:33  Drone  
  31  2:39  Lair  
  31  2:45  Queen  
  31  2:47  Overlord  
  31  2:49  Drone  
  34  2:54  Drone x2  
  36  3:03  Overlord  
  36  3:06  Drone  
  36  3:08  Drone  
  36  3:09  Drone  
  36  3:10  Drone  
  40  3:15  Drone  
  41  3:21  Drone, Queen  
  44  3:28  Overlord  
  44  3:30  Drone  
  44  3:31  Drone  
  44  3:32  Extractor  
  45  3:37  Infestation Pit  
  45  3:39  Drone  
  45  3:40  Drone  
  45  3:41  Drone  
  47  3:44  Extractor  
  47  3:45  Drone x2  
  47  3:47  Drone  
  49  3:51  Drone  
  49  3:52  Drone x2  
  51  3:57  Drone x2  
  53  4:05  Queen  
  53  4:06  Overlord  
  53  4:08  Drone  
  56  4:10  Drone  
  56  4:15  Pathogen Glands  
  57  4:29  Hatchery  
  56  4:32  Overlord  
  56  4:33  Zergling x6  
  56  4:35  Zergling x2  
  56  4:38  Infestor  
  60  4:43  Infestor  
  64  4:46  Zergling x4  
  64  4:47  Zergling x2  
  64  4:51  Queen  
  69  4:56  Overlord  
  69  4:59  Zergling x6  
  72  5:02  Zergling x4  
  74  5:09  Zergling x2  
  74  5:14  Evolution Chamber  
  74  5:16  Evolution Chamber  
  74  5:18  Hive  
  74  5:19  Drone  
  74  5:20  Drone x2  
  76  5:21  Drone  
  76  5:25  Overlord  
  76  5:26  Drone  
  76  5:28  Drone  
  79  5:35  Drone x3  
  82  5:38  Drone  
  82  5:39  Zerg Melee Weapons Level 1  
  83  5:43  Zerg Ground Armor Level 1  
  83  5:45  Drone x2  
  85  5:50  Drone x3  
  85  5:53  Drone, Spore Crawler  
  85  5:57  Drone x2  
  89  6:01  Drone x3  
  89  6:02  Drone  
  94  6:07  Queen  
  94  6:10  Overlord  
  96  6:11  Overlord  
  96  6:16  Extractor  
  95  6:22  Drone x2  
  95  6:25  Drone, Extractor  
  97  6:32  Drone x3  
  100  6:33  Drone x2, Ultralisk Cavern  
  100  6:35  Extractor  
  100  6:45  Overlord x5  
  100  6:49  Hatchery  
  99  6:58  Queen  
  101  7:15  Overlord x2  
  101  7:20  Chitinous Plating  
  101  7:21  Ultralisk  
  101  7:22  Ultralisk x2  
  119  7:23  Ultralisk  
  125  7:30  Zergling x14  
  125  7:32  Zergling x2  
  125  7:35  Zerg Melee Weapons Level 2  
  133  7:41  Overlord  
  133  7:45  Zergling x2  
  133  7:46  Zergling x10  
  139  7:56  Overlord  
  139  8:00  Drone x6  
  139  8:01  Drone x3  
  148  8:07  Zergling x4  
  148  8:09  Zergling x8  
  148  8:12  Zergling x6  
  157  8:17  Drone  
  157  8:18  Drone, Baneling Nest  
  158  8:22  Drone x2  
  160  8:29  Ultralisk  
  166  8:35  Ultralisk, Drone  
  173  8:45  Spire  
  172  8:51  Extractor x2  
  172  8:52  Zergling x6  
  172  8:53  Zergling x18  
  182  9:00  Ultralisk  
  182  9:02  Overlord  
  188  9:17  Overlord  
  188  9:22  Ultralisk x2  
Show
View Real Time Build Order
Export as new Build Order

A.I. 1 (Very Easy) Terran 

Build Orders:  

Get SALT Encoding   

  12  0:00  SCV  
  13  0:13  SCV  
  14  0:20  Supply Depot  
  14  0:38  Refinery  
  14  0:43  Barracks  
  14  1:05  Supply Depot  
  14  1:14  Refinery  
  14  1:30  Marine  
  14  1:32  Orbital Command  
  15  1:58  SCV  
  16  2:10  SCV  
  16  2:12  Barracks Tech Lab  
  17  2:22  SCV  
  18  2:30  Marine  
  18  2:34  SCV  
  20  2:46  SCV  
  21  2:59  SCV  
  22  3:12  Marauder  
  24  5:03  SCV  
  24  6:00  SCV  
  25  6:25  SCV  
  25  6:26  Marine  
  25  6:27  Supply Depot  
  25  6:29  Factory  
  26  6:33  Command Center  
  26  6:37  SCV  
  27  6:50  SCV  
  27  6:51  Supply Depot  
  28  6:59  Marine  
  25  7:02  SCV  
  26  7:16  Starport  
  26  7:32  Marine  
  27  7:47  SCV  
  28  7:54  SCV, Refinery, Starport Tech Lab  
  28  7:56  Refinery  
  29  8:01  SCV  
  29  8:04  Marine  
  31  8:08  SCV  
  31  8:12  Raven  
  32  8:15  SCV  
  35  8:22  SCV  
  36  8:30  SCV  
  37  8:37  SCV, Marine  
  39  8:44  SCV  
  40  8:51  SCV  
  40  8:55  Raven  
  41  8:58  SCV  
  44  9:05  SCV  
  45  9:11  Marauder  
  45  9:13  SCV  
  48  9:20  SCV  
  49  9:27  SCV  
  50  9:34  SCV  
  46  9:46  SCV  
Tags
 
League
Master
Matchup
TvZ
Spawn Locations
Cross Positions
Add a new tag
Caveats
  • Supply blocks, unpowered buildings, or Contaminate may cause inaccurate times.
  • Supply counts are checked every 10 seconds.